 Dungeon Crawl Stone Soup version 0.20.1-1-g8b1a95d (webtiles) character file.

8247 Irenicus the Cleaver (level 11, -3/81 HPs)
             Began as a Deep Dwarf Necromancer on Nov 4, 2017.
             Was an Elder of Makhleb.
             Slain by a vampire (8 damage)
             ... on level 10 of the Dungeon.
             The game lasted 01:00:29 (7773 turns).

Irenicus the Cleaver (Deep Dwarf Necromancer)       Turns: 7773, Time: 01:00:30

Health: -3/81      AC:  4    Str: 13    XL:     11   Next: 7%
Magic:  11/15      EV: 12    Int: 15    God:    Makhleb [****..]
Gold:   715        SH:  0    Dex: 18    Spells: 3/16 levels left

rFire    + . .     SeeInvis .   I - +3 hand axe
rCold    . . .     Gourm    .   (no shield)
rNeg     . . .     Faith    .   t - +1 leather armour {MR+}
rPois    +         Spirit   .   (no helmet)
rElec    .         Reflect  .   (no cloak)
rCorr    .         Harm     .   (no gloves)
MR       ++...     Clarity  +   (no boots)
Stlth    ++........             F - amulet of rage
Regen    0.0/turn               T - ring of protection from fire
MPRegen  0.2/turn               j - ring "Dodwapyx" {Wiz rPois}

@: berserk cooldown, non-regenerating, slowed, very slow
A: damage resistance, heal wounds, agile 1, blurry vision 1, clarity, sense
surroundings 2, no regeneration
a: Heal Wounds, Minor Destruction, Lesser Servant of Makhleb, Major Destruction,
Renounce Religion, Evoke Berserk Rage


You were on level 10 of the Dungeon.
You worshipped Makhleb.
Makhleb was greatly pleased with you.
You were not hungry.

You visited 2 branches of the dungeon, and saw 11 of its levels.
You also visited: Sewer.

You collected 715 gold pieces.

Inventory:

Hand Weapons
 H - a +0 war axe
 I - a +3 hand axe (weapon)
 M - a +2 antimagic hand axe
 R - a +2 hand axe of venom
 Y - a +5 vampiric spear
 Z - the +5 dagger of Somewhere Else {protect, rElec rF+ MR+}
   (You took it off a centaur on level 8 of the Dungeon)

   It protects the one who uses it against injury (+AC on strike).
   It protects you from fire.
   It insulates you from electricity.
   It affects your resistance to hostile enchantments.
Missiles
 x - 7 javelins (quivered)
Armour
 k - a +2 ring mail of fire resistance
 t - a +1 leather armour of magic resistance (worn)
 y - a +0 buckler
Jewellery
 g - an uncursed ring of ice
 j - the ring "Dodwapyx" (right hand) {Wiz rPois}
   (You took it off a big kobold on level 8 of the Dungeon)

   [ring of wizardry]

   It improves your spell success rate.
   It protects you from poison.
 l - a +3 ring of intelligence
 v - an uncursed ring of protection from fire
 w - an uncursed ring of stealth
 A - an uncursed ring of stealth
 B - a +1 ring of slaying
 F - an amulet of rage (around neck)
 T - a ring of protection from fire (left hand)
Wands
 a - a wand of iceblast (10/15)
 d - a wand of enslavement (7/24)
 i - a wand of acid (5/15)
 E - a wand of random effects (0/48)
 Q - a wand of acid (3/15)
Scrolls
 f - a scroll of amnesia
 q - a scroll of recharging
 s - a scroll of noise {unknown}
 C - a scroll of magic mapping {unknown}
 D - a scroll of teleportation
 K - 3 scrolls of fog {unknown}
 L - a scroll of identify
 O - 2 scrolls of immolation
 P - 2 scrolls of remove curse
Potions
 e - a potion of flight
 h - 3 potions of invisibility
 m - 5 potions of curing
 n - 4 potions of agility
 r - 4 potions of mutation
 u - a potion of ambrosia
 z - a potion of might
 W - 3 potions of haste
Books
 b - a book of Necromancy

   Spells                             Type                      Level
   a - Pain                           Necromancy                   1
   b - Animate Skeleton               Necromancy                   1
   c - Vampiric Draining              Necromancy                   3
   d - Regeneration                   Charms/Necromancy            3
   e - Animate Dead                   Necromancy                   4
   f - Control Undead                 Necromancy                   4
 G - a book of Air

   Spells                             Type                      Level
   a - Shock                          Conjuration/Air              1
   b - Swiftness                      Charms/Air                   2
   c - Static Discharge               Conjuration/Air              3
   d - Airstrike                      Air                          4
   e - Lightning Bolt                 Conjuration/Air              5
 V - a book of Annihilations

   Spells                             Type                      Level
   a - Poison Arrow                   Conjuration/Poison           6
   b - Chain Lightning                Conjuration/Air              8
   c - Lehudib's Crystal Spear        Conjuration/Earth            8
   d - Glaciate                       Conjuration/Ice              9
   e - Fire Storm                     Conjuration/Fire             9
Comestibles
 c - 4 bread rations
 o - 5 chunks of flesh
 p - 15 fruits
 J - 14 royal jellies
 S - 3 meat rations


   Skills:
 - Level 14.8 Axes
 - Level 2.1 Dodging
 - Level 2.4 Stealth
 - Level 3.0 Spellcasting
 - Level 8.7 Necromancy
 + Level 7.6 Evocations


You had 3 spell levels left.
You knew the following spells:

 Your Spells              Type           Power        Failure   Level  Hunger
a - Pain                  Necr           ####         1%          1    #......
b - Animate Skeleton      Necr           N/A          1%          1    #......
c - Control Undead        Necr           ####......   2%          4    #####..
d - Animate Dead          Necr           N/A          2%          4    #####..
e - Vampiric Draining     Necr           ####......   1%          3    ###....


Dungeon Overview and Level Annotations

Branches:
Dungeon (10/15)            Temple (1/1) D:6            Lair (0/6) D:9
    Orc: D:9-12

Altars:
Dithmenos
Hepliaklqana
Kikubaaqudgha
Makhleb
Ru
Sif Muna
Trog
Uskayaw
Yredelemnul
Zin
The Shining One

Shops:
D:6 ?

Portals:
Trove: D:10 (give +7 demon whip)

Annotations:
D:3 bmj180's ghost, amateur MiFi
D:7 exclusion: hippogriff
D:8 1 runed door
D:9 exclusion: door


Innate Abilities, Weirdness & Mutations

You are resistant to damage.
You can heal yourself by infusing magical energy.
You passively map the area around you.
You do not regenerate.
You are agile. (Dex +2)
Scrolls take you a little longer to read.
You possess an exceptional clarity of mind.


Message History

Makhleb accepts your kill.
You miss something.
You feel a strong urge to attack something.
You closely miss something. Something hits you. Something bites you!
* * * LOW HITPOINT WARNING * * *
Something draws strength from your injuries!
You hit something.
You feel your anger subside.
You barely miss something.
You are no longer berserk.
You are exhausted.
You feel yourself slow down.
Okay, then.
Okay, then.
Evoke which item? (* to show all) (? for menu, Esc to quit)
Aiming: Corrosive Bolt (will waste charges)
Press: ? - help, Shift-Dir - straight line Evoking this partially-identified wand wasted a few charges.
Something hits you!
You die...

**
....,..........###+##...
..............###≈≈≈#...
........#....##.+≈≈≈(..(
*
.......###....#.#≈≈≈#.()
,......# ##.....##+##(..
.......###......#....(..
#......)#............)..
##....†.{...............
##....@................
##....................
##...................
##....?.............
##.............#...
##...........###..
##.........#* ##.
##......... ##.. * ,
..#...


There were no monsters in sight!

Vanquished Creatures
  The ghost of Timinator the Grappler, a novice TrMo of Okawaru (D:9)
  A two-headed ogre (D:9)
  An unseen horror (D:10)
  A guardian mummy (D:10)
  A troll (D:10)
  2 hippogriffs
  4 hungry ghosts
  A vampire mosquito (D:8)
  Menkaure (D:4)
  2 soldier ants (D:10)
  4 ice beasts
  2 orc warriors (D:7)
  2 sky beasts
  A necrophage (D:8)
  4 ogres
  9 centaurs
  A phantom (D:8)
  A big kobold (Sewer)
  5 bullfrogs
  A water moccasin zombie (D:10)
  A water moccasin skeleton (D:8)
  A wyvern skeleton (D:8)
  2 scorpions
  3 killer bees (D:8)
  4 wights (D:6)
  A howler monkey (D:7)
  A crimson imp (D:8)
  A quasit (D:6)
  A bullfrog zombie (D:8)
  2 centaur zombies
  3 jellies
  2 hounds
  2 orc priests
  A bullfrog skeleton (D:8)
  Ijyb (D:4)
  3 iguanas
  5 orc wizards
  4 worker ants
  A hound zombie (D:7)
  A hound skeleton (D:5)
  10 adders
  3 gnolls (D:8)
  3 river rats (Sewer)
  3 shadow imps
  An ooze (D:2)
  An adder zombie (D:6)
  2 worms (D:10)
  2 dart slugs (D:3)
  5 leopard geckos
  21 orcs
  2 ball pythons
  7 bats
  2 bat zombies (D:4)
  2 giant cockroaches
  3 goblins
  2 hobgoblins (D:1)
  25 jackals
  7 kobolds
  8 quokkas
  2 frilled lizards (D:2)
  A leopard gecko zombie (D:7)
  7 rats
  2 rat zombies (D:4)
206 creatures vanquished.

Vanquished Creatures (collateral kills)
  A two-headed ogre (D:8)
  Joseph (D:10)
  A hungry ghost (D:10)
  A water moccasin (shapeshifter) (D:8)
  2 ogres
  2 big kobolds
  A wight (D:6)
  A hound (D:8)
  A bullfrog zombie (D:8)
  A centaur zombie (D:9)
  An adder zombie (D:5)
  A leopard gecko (D:4)
  An orc (D:5)
  A bat zombie (D:4)
  A goblin (D:1)
  A jackal zombie (D:5)
  10 kobolds
28 creatures vanquished.

Grand Total: 234 creatures vanquished

Notes
Turn   | Place    | Note
-------+----------+-------------------------------------------
     0 | D:1      | Irenicus the Deep Dwarf Necromancer began the quest for the Orb.
     0 | D:1      | Reached XP level 1. HP: 15/15 MP: 3/3
    36 | D:1      | Learned a level 1 spell: Animate Skeleton
   210 | D:1      | Reached XP level 2. HP: 16/22 MP: 2/4
   260 | D:1      | Reached skill level 5 in Necromancy
   604 | D:2      | Found a shadowy altar of Dithmenos.
   686 | D:2      | Reached skill level 1 in Axes
   686 | D:2      | Reached XP level 3. HP: 15/28 MP: 2/6
   750 | D:2      | Found a burning altar of Makhleb.
   758 | D:2      | Learned a level 3 spell: Vampiric Draining
   774 | D:2      | Reached skill level 2 in Axes
   780 | D:2      | Became a worshipper of Makhleb the Destroyer
   814 | D:2      | Reached XP level 4. HP: 24/36 MP: 1/7
  1083 | D:3      | Found a basalt altar of Yredelemnul.
  1088 | D:3      | Reached skill level 3 in Axes
  1128 | D:3      | Noticed bmj180's ghost (amateur MiFi)
  1681 | D:4      | Found an ancient bone altar of Kikubaaqudgha.
  1957 | D:4      | Reached XP level 5. HP: 38/42 MP: 3/9
  1960 | D:4      | Got a slimy short sword
  1961 | D:4      | Identified the +3 short sword "Beesak" {flame, rC- Str+4 Dex+5} (You found it on level 4 of the Dungeon)
  2015 | D:4      | Reached skill level 4 in Axes
  2019 | D:4      | Reached * piety under Makhleb
  2105 | D:4      | Noticed Menkaure
  2123 | D:4      | Killed Menkaure
  2123 | D:4      | Reached skill level 5 in Axes
  2123 | D:4      | Reached XP level 6. HP: 24/49 MP: 10/10
  2241 | D:4      | Noticed Ijyb
  2265 | D:4      | Killed Ijyb
  2497 | D:5      | Entered Level 5 of the Dungeon
  2633 | D:5      | Found a basalt altar of Yredelemnul.
  2675 | D:5      | Found a glowing drain.
  2705 | Sewer    | Entered a sewer
  2801 | Sewer    | Reached skill level 6 in Axes
  2824 | Sewer    | Found a white marble altar of Elyvilon.
  2995 | D:5      | Reached XP level 7. HP: 52/55 MP: 11/11
  3001 | D:5      | Found a sacrificial altar of Ru.
  3061 | D:5      | Found a glowing silver altar of Zin.
  3110 | D:5      | Found a hazy altar of Hepliaklqana.
  3447 | D:5      | Reached ** piety under Makhleb
  3587 | D:6      | Found Arakeh's Magic Scroll Shoppe.
  3607 | D:6      | Learned a level 4 spell: Control Undead
  3814 | D:6      | Found a staircase to the Ecumenical Temple.
  3846 | Temple   | Entered the Ecumenical Temple
  3961 | D:6      | Found a deep blue altar of Sif Muna.
  4147 | D:6      | Reached XP level 8. HP: 18/62 MP: 5/12
  4663 | D:7      | Reached skill level 7 in Axes
  4767 | D:7      | Got a dazzling falchion
  4768 | D:7      | Identified the +0 falchion of Xuonouwe {slice, rPois rC+ Int+2} (You found it on level 7 of the Dungeon)
  4913 | D:7      | Reached skill level 8 in Axes
  4965 | D:7      | Reached skill level 9 in Axes
  4973 | D:7      | Noticed a hippogriff
  4984 | D:7      | Killed a hippogriff
  4984 | D:7      | Gained mutation: You passively map the area around you. [Deep Dwarf growth]
  4984 | D:7      | Reached XP level 9. HP: 68/68 MP: 0/13
  5345 | D:8      | Reached *** piety under Makhleb
  5377 | D:8      | HP: 3/68 [ogre/giant spiked club (28)]
  5379 | D:8      | Reached skill level 10 in Axes
  5555 | D:7      | HP: 2/68 [orc warrior/battleaxe (10)]
  5827 | D:8      | Noticed a two-headed ogre
  5874 | D:9      | Reached skill level 11 in Axes
  5906 | D:9      | Found a staircase to the Lair.
  5906 | D:9      | Noticed Timinator's ghost (novice TrMo)
  6067 | D:8      | Reached skill level 12 in Axes
  6216 | D:8      | Reached **** piety under Makhleb
  6226 | D:8      | Killed a two-headed ogre
  6226 | D:8      | Reached skill level 13 in Axes
  6226 | D:8      | Reached XP level 10. HP: 50/75 MP: 0/14
  6375 | D:8      | Gained mutation: You possess an exceptional clarity of mind. [mutagenic meat]
  6376 | D:8      | Gained mutation: Scrolls take you a little longer to read. [mutagenic meat]
  6377 | D:8      | Gained mutation: You are agile. (Dex +2) [mutagenic meat]
  6428 | D:8      | Got a fine dagger {protect}
  6429 | D:8      | Identified the +5 dagger of Somewhere Else {protect, rElec rF+ MR+} (You took it off a centaur on level 8 of the Dungeon)
  6436 | D:8      | Got a smoking lapis lazuli ring
  6438 | D:8      | Identified the ring "Dodwapyx" {Wiz rPois} (You took it off a big kobold on level 8 of the Dungeon)
  6620 | D:8      | Found a runed door.
  6795 | D:9      | Found a hide-covered altar of Uskayaw.
  6919 | D:9      | Killed Timinator's ghost
  6919 | D:9      | Reached skill level 14 in Axes
  6955 | D:9      | Noticed a five-headed hydra
  7096 | D:9      | Found a deep blue altar of Sif Muna.
  7096 | D:9      | Found a bloodstained altar of Trog.
  7096 | D:9      | Noticed a two-headed ogre
  7106 | D:9      | Killed a two-headed ogre
  7114 | D:9      | Found a glowing golden altar of the Shining One.
  7116 | D:9      | Found a faded altar of an unknown god.
  7117 | D:9      | Found a faded altar of an unknown god.
  7216 | D:9      | Noticed a two-headed ogre
  7351 | D:10     | Entered Level 10 of the Dungeon
  7550 | D:10     | HP: 2/75 [hippogriff (6)]
  7563 | D:10     | Reached skill level 5 in Evocations
  7588 | D:10     | Killed an unseen horror
  7588 | D:10     | Reached XP level 11. HP: 31/81 MP: 9/16
  7629 | D:10     | Found a portal to a secret trove of treasure.
  7658 | D:10     | Noticed Joseph
  7665 | D:10     | Killed Joseph
  7685 | D:10     | Learned a level 4 spell: Animate Dead
  7773 | D:10     | Slain by a vampire

Skill      XL: |  1  2  3  4  5  6  7  8  9 10 11 |
---------------+----------------------------------+-----
Necromancy     | 5 8 |  8.7
Spellcasting   | 2 3 |  3.0
Axes           | 1 2 3 5 6 9 13 14 | 14.8
Evocations     | 2 6 7 |  7.6
Dodging        | |  2.1
Stealth        | |  2.4

Action                   |  1- 3 |  4- 6 |  7- 9 | 10-12 || total
-------------------------+-------+-------+-------+-------++-------
Melee: Unarmed           |    23 |       |       |       ||    23
       Dagger            |    16 |       |       |       ||    16
       Hand axe          |    25 |   133 |   333 |   154 ||   645
       Short sword       |       |    19 |       |       ||    19
 Cast: Pain              |    36 |    14 |     5 |       ||    55
       Animate Skeleton  |     4 |    10 |    20 |     9 ||    43
       Vampiric Draining |     3 |    36 |    72 |    44 ||   155
       Control Undead    |       |       |     2 |     3 ||     5
       Animate Dead      |       |       |       |     1 ||     1
 Abil: Evoke Berserk Rag |       |     1 |     1 |     3 ||     5
       Heal Wounds       |       |       |       |     2 ||     2
Evoke: Wand              |       |     3 |    13 |    11 ||    27
  Use: Scroll            |       |     7 |    10 |     4 ||    21
       Potion            |       |     2 |     4 |     6 ||    12
 Stab: Sleeping          |     2 |     4 |     1 |     1 ||     8
       Distracted        |       |       |     1 |       ||     1
  Eat: Chunk             |       |    12 |    26 |    11 ||    49
       Fruit             |       |     1 |     2 |     9 ||    12
       Meat ration       |       |       |       |     1 ||     1
Armor: Robe              |    16 |       |       |       ||    16
       Leather armour    |       |    41 |   151 |    32 ||   224
       Skin              |       |     1 |       |    60 ||    61
Dodge: Dodged            |    69 |   122 |   197 |    84 ||   472
